 Dungeon Crawl Stone Soup version 0.28-a0-664-gc179e30c89 (webtiles) character file.

Game seed: 3725371462722444271

51 Johnny the Slasher (level 4, 0/52 HPs)
             Began as a Human Berserker on Oct 15, 2021.
             Was a Follower of Trog.
             Killed from afar by an orc wizard (8 damage)
             ... with a magic dart
             ... on level 2 of the Dungeon.
             The game lasted 00:01:43 (2018 turns).

Johnny the Slasher (Human Berserker)                Turns: 2018, Time: 00:01:43

Health: 0/52       AC:  2    Str: 18    XL:     4   Next: 7%
Magic:  4/4        EV: 12    Int:  7    God:    Trog [*.....]
Gold:   66         SH:  0    Dex: 13    Spells: 3/3 levels left

rFire   . . .      SeeInvis .   a - +0 falchion
rCold   . . .      Faith    .   (no shield)
rNeg    . . .      Spirit   .   b - +0 animal skin
rPois   .          Reflect  .   (no helmet)
rElec   .          Harm     .   (no cloak)
rCorr   .          Rampage  .   (no gloves)
Will    ++...                   (no boots)
Stlth   ..........              (no amulet)
HPRegen 1.17/turn               (no ring)
MPRegen 0.09/turn               (no ring)

@: berserking (expiring), strong-willed (expiring), regenerating (expiring),
very quick
A: no striking features
a: Renounce Religion, Berserk


You were on level 2 of the Dungeon.
You worshipped Trog.
Trog was aware of your devotion.
You visited 1 branch of the dungeon, and saw 2 of its levels.

You collected 66 gold pieces.

Inventory:

Hand Weapons
 a - a +0 falchion (weapon)
Missiles
 i - a throwing net (quivered)
Armour
 b - a +0 animal skin (worn)
Wands
 l - a wand of acid (11)
Scrolls
 c - a scroll of identify {unknown}
 d - a scroll of amnesia {unknown}
 e - a scroll of enchant armour {unknown}
 f - 2 scrolls of teleportation {unknown}
 k - a scroll of fear {unknown}
Potions
 g - a potion of lignification {unknown}
 h - a potion of attraction {unknown}
 j - a potion of curing {unknown}


   Skills:
 - Level 3.0 Fighting
 + Level 4.6 Long Blades
 - Level 2.0 Armour
 - Level 2.0 Dodging


You had 3 spell levels left.
You didn't know any spells.
Your spell library was empty.

Dungeon Overview and Level Annotations

Branches:
Dungeon (2/15)

Altars:


Message History

You barely miss something. You slash the orc!
You kill the orc!
Trog accepts your kill. Something hits you but does no damage.
The orc barely misses you.
You have reached level 4!
You feel agile.
You hit the orc.
The orc is almost dead.
You hear some strange, mumbled words.
A magic dart appears from out of thin air!
The magic dart hits you!
* * * LOW HITPOINT WARNING * * *
The orc hits you with a +0 mace.
* * * LOW HITPOINT WARNING * * *
You hit the orc but do no damage.
The orc is almost dead.
Something hits you but does no damage.
You hit the orc.
You kill the orc!
Trog accepts your kill.
You closely miss something. Something hits you.
* * * LOW HITPOINT WARNING * * *
You closely miss something.
You hear some strange, mumbled words.
A puff of flame appears from out of thin air!
The puff of flame hits you!
* * * LOW HITPOINT WARNING * * *
You closely miss something.
You feel the effects of Trog's Hand fading.
You hit something. Something hits you.
* * * LOW HITPOINT WARNING * * *
You hit something. Something hits you.
* * * LOW HITPOINT WARNING * * *
You miss something. You barely miss something.
You hear some strange, mumbled words.
A magic dart appears from out of thin air!
The magic dart hits you!
You die...

...... ..... .#..
##.... ...## ###....#
#...## #......#
#....##### ##.#...#
#.){.....# ###..#..##
#..@)....# .........#
##.......# ..>......#
#.....$.# ......)..#.#
#.......#
.....).....####.......#
##.....##.............#
##.#.#....#####.......#
..........# #.........
.........## #.........


There were no monsters in sight!

Vanquished Creatures
  An adder (D:2)
  A dart slug (D:2)
  2 orcs (D:2)
  3 bats (D:1)
  3 endoplasms (D:2)
  2 giant cockroaches (D:1)
  4 goblins
  2 hobgoblins (D:1)
  2 quokkas (D:1)
  4 ball pythons
  2 frilled lizards (D:1)
  5 kobolds
  4 rats (D:1)
35 creatures vanquished.

Notes
Turn   | Place    | Note
-------+----------+-------------------------------------------
     0 | D:1      | Johnny the Human Berserker began the quest for the Orb.
     0 | D:1      | Reached XP level 1. HP: 18/18 MP: 1/1
   327 | D:1      | Reached XP level 2. HP: 21/24 MP: 2/2
   692 | D:1      | Reached skill level 4 in Long Blades
   692 | D:1      | Reached XP level 3. HP: 16/29 MP: 3/3
   958 | D:1      | Found a faded altar of an unknown god.
  1316 | D:2      | Reached ** piety under Trog
  2009 | D:2      | Reached XP level 4. HP: 20/35 MP: 4/4
  2018 | D:2      | Killed from afar by an orc wizard

Illustrated notes

Levels and vault maps discovered:
D:1:      lemuel_arrival_lava_pool, layout_loops_cross,
          ebering_ecumenical_altar_sacrificial, minmay_misc_feat_columns,
          minmay_pentomino_w4
D:2:      layout_rooms

Skill      XL: |  1  2 |
---------------+-------+-----
Long Blades    | 4 |  4.6
Fighting       | |  3.0
Armour         | |  2.0
Dodging        | |  2.0

Action                   |  1- 3 |  4- 6 || total
-------------------------+-------+-------++-------
Melee: Falchion          |    94 |    10 ||   104
Throw: Throwing net      |     1 |       ||     1
Invok: Berserk           |     3 |       ||     3
       Trog's Hand       |     1 |       ||     1
 Stab: Sleeping          |     1 |       ||     1
Armor: Animal skin       |    16 |     1 ||    17
Dodge: Dodged            |    79 |       ||    79

Table legend: (Time is in decaauts)
 A = Elapsed time spent in this place.
 B = Non-inter-level travel time spent in this place.
 C = Inter-level travel time spent in this place.
 D = Time resting spent in this place.
 E = Time spent auto-exploring this place.
 F = Levels seen in this place.
 G = Mean time per level.
                   A        B        C        D        E       F      G
               +--------+--------+--------+--------+--------+-----+--------+
         Total |   2044 |   1984 |     60 |    651 |   1098 |   2 | 1022.0 |
       Dungeon |   2044 |   1984 |     60 |    651 |   1098 |   2 | 1022.0 |
               +--------+--------+--------+--------+--------+-----+--------+

Top non-repeatable levels by time:
     D:1: 1276 daAuts
     D:2: 768 daAuts
